 Dungeon Crawl Stone Soup version 0.29-a0-43-g62a80824bf (webtiles) character file.

Game seed: 12563014178356853446

49 crazypyro the Skirmisher (level 3, -2/29 HPs)
             Began as a Demonspawn Fighter on Feb 2, 2022.
             Slain by a gnoll (10 damage)
             ... on level 2 of the Dungeon.
             The game lasted 00:01:33 (1665 turns).

crazypyro the Skirmisher (Demonspawn Fighter)       Turns: 1665, Time: 00:01:34

Health: -2/29      AC:  6    Str: 18    XL:     3   Next: 53%
Magic:  3/3        EV:  9    Int:  9    God:
Gold:   41         SH:  4    Dex: 12    Spells: 2/2 levels left

rFire   . . .      SeeInvis +   e - +4 dagger
rCold   . . .      Faith    .   c - +0 buckler
rNeg    . . .      Spirit   .   b - +0 scale mail
rPois   .          Reflect  .   (no helmet)
rElec   .          Harm     .   (no cloak)
rCorr   .          Rampage  .   (no gloves)
Will    .....                   (no boots)
Stlth   ..........              (no amulet)
HPRegen 0.09/turn               j - ring of see invisible
MPRegen 0.08/turn               (no ring)

@: no status effects
A: hooves 1, demonic magic 1
a: no special abilities


You were on level 2 of the Dungeon.
You visited 1 branch of the dungeon, and saw 2 of its levels.

You collected 41 gold pieces.

Inventory:

Hand Weapons
 a - a +0 long sword
 e - a +4 dagger (weapon)
Armour
 b - a +0 scale mail (worn)
 c - a +0 buckler (worn)
Jewellery
 j - a ring of see invisible (left hand)
Scrolls
 f - a scroll of immolation {unknown}
 h - a scroll of fog {unknown}
Potions
 d - a potion of might
 g - a potion of curing {unknown}
 i - 2 potions of resistance {unknown}
 k - a potion of brilliance {unknown}


   Skills:
 + Level 3.4 Fighting
 + Level 2.3 Long Blades
 + Level 3.1 Armour
 + Level 3.1 Shields


You had 2 spell levels left.
You didn't know any spells.
Your spell library contained the following spells:

 Spells                   Type           Power      Damage    Failure   Level
 Apportation              Tloc           0%         N/A       86%         1
 Alistair's Intoxication  Tmut/Pois      0%         N/A       100%        5


Dungeon Overview and Level Annotations

Branches:
Dungeon (2/15)

Altars:

Shops:
D:1 =(:(


Innate Abilities, Weirdness & Mutations

You have large cloven feet.
Spells you cast may paralyse adjacent enemies.


Message History

No target in view!
A ball python and a gnoll come into view.
The ball python hisses angrily.
The gnoll shouts!
A gnoll comes into view. It is wielding a +0 spear.
The ball python moves out of view.
There are monsters nearby!
Found an escape hatch in the ceiling.
The gnoll closely misses you. You block the gnoll's attack.
The gnoll hits you with a +0 spear.
You barely miss the gnoll.
The ball python bites you but does no damage.
You block the ball python's attack. The gnoll hits you with a +0 flail.
The gnoll hits you with a +0 spear.
You hit the gnoll.
The gnoll is moderately wounded.
The ball python bites you. The ball python grabs you.
The ball python constricts you. The gnoll hits you with a +0 flail.
You barely miss the ball python. The ball python barely misses you.
The ball python constricts you. The gnoll hits you but does no damage.
The gnoll hits you with a +0 flail. The gnoll hits you with a +0 spear.
The ball python bites you but does no damage.
The ball python constricts you.
You are too injured to fight recklessly!
You are too injured to fight recklessly!
You hit the gnoll.
The gnoll is almost dead.
The gnoll barely misses you. The ball python bites you.
* * * LOW HITPOINT WARNING * * *
The ball python constricts you.
You puncture the gnoll!
You kill the gnoll!
You block the gnoll's attack.
The ball python bites you but does no damage.
The ball python constricts you.
You escape the ball python's grasp.
The gnoll barely misses you.
You see here a +0 spear.
You hit the ball python.
You kill the ball python!
The gnoll hits you with a +0 flail!
You die...

.. #. #.. #.. ##.
.. . ...##.. .# ..
#..<..##.##.
##.^........
#........>#
#.......#.# #
#....@g.#.#
#....†..#.#
#.......#.# #
#....####.#.######
####.
..................
.....
######.##.....###
####
#......†...#### ##
###...........####.
#..........))....


You could see a gnoll.

Vanquished Creatures
  A gnoll (D:2)
  4 dart slugs
  5 endoplasms (D:1)
  5 kobolds
  3 quokkas (D:1)
  6 ball pythons
  A bat (D:1)
  5 goblins
  4 rats
34 creatures vanquished.

Notes
Turn   | Place    | Note
-------+----------+-------------------------------------------
     0 | D:1      | crazypyro the Demonspawn Fighter began the quest for the
                  | Orb.
     0 | D:1      | Reached XP level 1. HP: 18/18 MP: 1/1
   476 | D:1      | Gained mutation: Spells you cast may paralyse adjacent
                  | enemies. [demonic ancestry]
   476 | D:1      | Reached XP level 2. HP: 17/24 MP: 2/2
   747 | D:1      | Found Onentuum's Weapon Boutique.
   763 | D:1      | Found Qitiqa's Jewellery Boutique.
  1215 | D:1      | Gained mutation: You have large cloven feet. [demonic
                  | ancestry]
  1215 | D:1      | Reached XP level 3. HP: 29/29 MP: 3/3
  1353 | D:1      | Found Vojanula's Book Shop.
  1376 | D:1      | Found Doagry's Antique Weapon Shop.
  1665 | D:2      | Slain by a gnoll

Illustrated notes

Levels and vault maps discovered:
D:1:      zaba_arrival_water, layout_loops_ring, serial_shops,
          nicolae_square_shop, shop, nicolae_shop_stone,
          nicolae_shop_behind_doors, kennysheep_pointless_box
D:2:      layout_rooms, basic_altar

Skill      XL: |  1  2 |
---------------+-------+-----
Long Blades    | 2 |  2.3
Armour         | 3 |  3.1
Shields        | 3 |  3.1
Fighting       | |  3.4

Action                   || total
-------------------------++-------
Melee: Long sword        ||    18
       Dagger            ||    74
       Kick              ||     8
Armor: Scale mail        ||    24
Dodge: Dodged            ||    30
Block: Buckler           ||    15

Table legend: (Time is in decaauts)
 A = Elapsed time spent in this place.
 B = Non-inter-level travel time spent in this place.
 C = Inter-level travel time spent in this place.
 D = Time resting spent in this place.
 E = Time spent auto-exploring this place.
 F = Levels seen in this place.
 G = Mean time per level.
                   A        B        C        D        E       F      G
               +--------+--------+--------+--------+--------+-----+--------+
         Total |   1676 |   1613 |     63 |      0 |   1414 |   2 |  838.0 |
       Dungeon |   1676 |   1613 |     63 |      0 |   1414 |   2 |  838.0 |
               +--------+--------+--------+--------+--------+-----+--------+

Top non-repeatable levels by time:
     D:1: 1506 daAuts
     D:2: 169 daAuts
